 Dungeon Crawl Stone Soup version 0.26.1-10-gdfb7c7de75 (webtiles) character file.

Game seed: 16827971298651000928

170 MalarOregon the Shield-Bearer (level 5, 0/36 HPs)
             Began as a Halfling Fighter on Apr 4, 2021.
             Was an Initiate of Dithmenos.
             Blown up by Ijyb (14 damage)
             ... with a disintegration bolt
             ... on level 4 of the Dungeon.
             The game lasted 00:03:43 (3033 turns).

MalarOregon the Shield-Bearer (Halfling Fighter)    Turns: 3033, Time: 00:03:43

Health: 0/36       AC:  9    Str: 18    XL:     5   Next: 80%
Magic:  5/5        EV: 10    Int:  6    God:    Dithmenos [......]
Gold:   226        SH: 10    Dex: 14    Spells: 4/4 levels left

rFire    . . .     SeeInvis .   a - +0 long sword
rCold    . . .     Faith    .   c - +0 kite shield
rNeg     . . .     Spirit   .   b - +0 scale mail
rPois    +         Reflect  .   u - +0 helmet
rElec    .         Harm     .   (no cloak)
rCorr    .         Rampage  .   j - +0 pair of gloves
Will     .....                  (no boots)
Stlth    +.........             (no amulet)
HPRegen  0.12/turn              o - ring of poison resistance
MPRegen  0.09/turn              (no ring)

@: mighty
A: small, mutation resistance 1
a: Renounce Religion


You were on level 4 of the Dungeon.
You worshipped Dithmenos.
Dithmenos was noncommittal.
You visited 1 branch of the dungeon, and saw 4 of its levels.

You collected 226 gold pieces.

Inventory:

Hand Weapons
 a - a +0 long sword (weapon)
 l - a +1 antimagic dagger
   (You took it off a kobold on level 1 of the Dungeon)
Armour
 b - a +0 scale mail (worn)
 c - a +0 kite shield (worn)
 j - a +0 pair of gloves (worn)
   (You found it on level 4 of the Dungeon)
 u - a +0 helmet (worn)
   (You found it on level 1 of the Dungeon)
Jewellery
 o - a ring of poison resistance (left hand)
   (You found it on level 2 of the Dungeon)
Wands
 d - a wand of iceblast (11)
   (You found it on level 2 of the Dungeon)
Scrolls
 e - a scroll of blinking {unknown}
 f - 2 scrolls of amnesia {unknown}
 g - a scroll of enchant armour {unknown}
 i - 2 scrolls of enchant weapon {unknown}
 n - a scroll of remove curse {unknown}
 r - a scroll of fear
 t - a scroll of noise {unknown}
Potions
 h - a potion of magic
 k - 2 potions of curing {@q1}
 m - 2 potions of mutation {!q}
 p - a potion of flight
 q - a potion of might
 s - a potion of haste {@q3}


   Skills:
 + Level 3.1 Fighting
 * Level 3.2 Long Blades
 + Level 3.7 Armour
 + Level 1.6 Dodging
 + Level 1.7 Stealth
 * Level 4.4 Shields


You had 4 spell levels left.
You didn't know any spells.
Your spell library was empty.

Dungeon Overview and Level Annotations

Branches:
Dungeon (4/15)
 Temple: D:4-7

Altars:
Dithmenos
Trog
Vehumet
The Shining One

Shops:
D:4 (

Annotations:
D:4 Ijyb


Innate Abilities, Weirdness & Mutations

You are small and have problems with some larger weapons.
You are somewhat resistant to further mutation.


Message History

You kill the hobgoblin!
Dithmenos accepts your kill.
No target in view!
No target in view!
e - a scroll labelled QIL PIUMULOPH
Things that are here:
a +0 club; a hobgoblin corpse
Okay, then.
Done exploring.
Done exploring.
Done exploring.
Done exploring.
No target in view!
Things that are here:
a +0 club; a hobgoblin corpse You see here a dart slug corpse.
There is an open door here.
There is a stone staircase leading down here.
You climb downwards.
There is a stone staircase leading up here.
Found a stone staircase leading down.
Found a pair of gloves.
Found 11 gold pieces.
j - a pair of gloves You start putting on your armour.
You continue putting on your pair of gloves. x4
You finish putting on your +0 pair of gloves.
You now have 226 gold pieces (gained 11).
Found a stone staircase leading up.
Found 25 stones and a potion of degeneration.
Found Femorip's Antique Weapon Shop.
Ijyb the Twisted Goblin comes into view.
She is carrying a wand of disintegration (13).
Found 8 gold pieces.
Ijyb zaps a wand.
You are blasted!
Ouch! That really hurt!
* * * LOW HITPOINT WARNING * * *
Unknown command.
You are too injured to fight recklessly!
Unknown command.
Ijyb completely misses you.
You feel very mighty all of a sudden. You block Ijyb's attack.
You hit Ijyb. Ijyb screams, "I cut your head off!" Ijyb hits you.
* * * LOW HITPOINT WARNING * * *
Ijyb zaps a wand.
You are blasted!
You die...

#≈≈≈≈ ..#. #≈≈≈##
#.......
####.###.###...#
#.....#....##...
#.####..##.##..###
#.# ##.##.##..#..
#.# #.##.##....<
#.# #.##.###.#..
#@# #.........#.
#g# ####.###.##.
#.# #(# ####. #.#
#!# #. #$# #.# ##
#.. ..# ### ###


You could see Ijyb.

Vanquished Creatures
  A bullfrog zombie (D:3)
  A worker ant (D:3)
  A hound skeleton (D:2)
  2 adders (D:3)
  3 worms
  A dart slug (D:3)
  3 leopard geckos
  A ball python (D:2)
  4 giant cockroaches
  7 goblins
  4 hobgoblins
  11 jackals
  9 kobolds
  12 bats
  4 frilled lizards
  10 rats
74 creatures vanquished.

Notes
Turn   | Place    | Note
-------+----------+-------------------------------------------
     0 | D:1      | MalarOregon the Halfling Fighter began the quest for the
                  | Orb.
     0 | D:1      | Reached XP level 1. HP: 15/15 MP: 1/1
   144 | D:1      | Reached XP level 2. HP: 20/20 MP: 2/2
   479 | D:1      | Reached XP level 3. HP: 23/25 MP: 3/3
   889 | D:2      | Reached skill level 1 in Dodging
   889 | D:2      | Reached XP level 4. HP: 11/30 MP: 4/4
  1092 | D:2      | Reached skill level 4 in Shields
  1142 | D:2      | Reached skill level 1 in Stealth
  1669 | D:3      | Found a shadowy altar of Dithmenos.
  1693 | D:3      | Became a worshipper of Dithmenos the Shadowed
  1850 | D:3      | Reached XP level 5. HP: 6/36 MP: 5/5
  2130 | D:3      | Found a radiant altar of Vehumet.
  2417 | D:3      | Found a glowing golden altar of the Shining One.
  2620 | D:3      | Found a bloodstained altar of Trog.
  3017 | D:4      | Found Femorip's Antique Weapon Shop.
  3027 | D:4      | Noticed Ijyb
  3033 | D:4      | Blown up by Ijyb

Illustrated notes

Levels and vault maps discovered:
D:1:      ebering_trefoil_3fold, layout_basic, roderic_three_in_a_row
D:2:      layout_basic, minmay_tromino_v7
D:3:      layout_basic, nicolae_dithmenos_through_a_glass_darkly,
          vehumet_crystals, nicolae_tso_swordbearing_angel,
          trog_three_pillars_becter
D:4:      layout_loops_ring, serial_shops, nicolae_shop_waterfront,
          minivault_24, uniq_eustachio, uniq_sigmund, uniq_robin, uniq_ijyb

Skill      XL: |  1  2  3  4  5 |
---------------+----------------+-----
Dodging        | 1 |  1.6
Fighting       | 3 |  3.1
Shields        | 4 |  4.4
Stealth        | 1 |  1.7
Long Blades    | 3 |  3.2
Armour         | |  3.7

Action                   |  1- 3 |  4- 6 || total
-------------------------+-------+-------++-------
Melee: Long sword        |   116 |   134 ||   250
  Use: Scroll            |       |     7 ||     7
       Potion            |       |     1 ||     1
Armor: Scale mail        |    86 |    64 ||   150
Dodge: Dodged            |    77 |    66 ||   143
Block: Kite shield       |    92 |    83 ||   175
       Rpst.: Long sword |    22 |    17 ||    39
